 Dungeon Crawl Stone Soup version 0.21.1-1-g345015f (webtiles) character file.

309 kae the Insei (level 6, -1/41 HPs)
             Began as an Octopode Transmuter on June 14, 2018.
             Slain by a hobgoblin (3 damage)
             ... led by Robin
             ... on level 2 of the Dungeon.
             The game lasted 00:02:17 (1984 turns).

kae the Insei (Octopode Transmuter)                 Turns: 1984, Time: 00:02:18

Health: -1/41      AC:  1    Str:  9    XL:     6   Next: 41%
Magic:  8/10       EV: 14    Int: 16    God:
Gold:   105        SH:  0    Dex: 14    Spells: 5/11 levels left

rFire    . . .     SeeInvis .     - Unarmed
rCold    . . .     Gourm    .   (no shield)
rNeg     + . .     Faith    .   (helmet restricted)
rPois    .         Spirit   .   (no amulet)
rElec    .         Reflect  .   l - ring of positive energy
rCorr    .         Harm     .   (no ring)
MR       .....                  (no ring)
Stlth    ++........             (no ring)
HPRegen  0.13/turn              (no ring)
MPRegen  0.12/turn              (no ring)
                                (no ring)
                                (no ring)

@: slowed, very slow
A: almost no armour, stealthy swim, amphibious, 8 rings, constrict 8, camouflage
1, gelatinous body 1
a: no special abilities


You were on level 2 of the Dungeon.
You were not hungry.

You visited 1 branch of the dungeon, and saw 2 of its levels.

You collected 105 gold pieces.

Inventory:

Missiles
 a - 55 arrows
Jewellery
 l - a ring of positive energy (left tentacle)
Scrolls
 d - 2 scrolls of remove curse {unknown}
 e - a scroll of blinking {unknown}
 f - a scroll of immolation {unknown}
 h - 3 scrolls of identify {unknown}
 i - a scroll of magic mapping {unknown}
Books
 b - a book of Changes

   Spells                             Type                      Level
   a - Beastly Appendage              Transmutation                1
   b - Sticks to Snakes               Transmutation                2
   c - Spider Form                    Transmutation/Poison         3
   d - Ice Form                       Ice/Transmutation            4
   e - Blade Hands                    Transmutation                5
Comestibles
 c - 6 rations


   Skills:
 + Level 2.4 Fighting
 + Level 3.1 Dodging
 * Level 4.6 Unarmed Combat
 + Level 3.1 Spellcasting
 + Level 3.2 Transmutations


You had 5 spell levels left.
You knew the following spells:

 Your Spells              Type           Power        Failure   Level  Hunger
a - Beastly Appendage     Tmut           ##....       4%          1    #......
b - Sticks to Snakes      Tmut           ##......     8%          2    ##.....
c - Spider Form           Tmut/Pois      #.........   28%         3    ###....


Dungeon Overview and Level Annotations

Branches:
Dungeon (2/15)

Altars:

Annotations:
D:2 Natasha


Innate Abilities, Weirdness & Mutations

You cannot wear most types of armour.
You are very stealthy in the water. (Stealth+)
You are amphibious.
You can wear up to eight rings at the same time.
You can use your tentacles to constrict eight enemies at once.
Your skin changes colour to match your surroundings (Stealth+).
Your rubbery body absorbs attacks. (AC +1, EV +1)


Message History

A goblin comes into view. It is wielding a dagger.
You closely miss something.
You hear some strange, mumbled words.
You feel yourself slow down.
The goblin unwields an uncursed dagger.
The goblin wields a hunting sling.
The goblin shoots a stone.
The stone hits you.
* * * LOW HITPOINT WARNING * * *
You closely miss something. Something claws you!
* * * LOW HITPOINT WARNING * * *
2 goblins come into view.
You closely miss something.
Your transformation has ended.
Something claws you.
* * * LOW HITPOINT WARNING * * *
The goblin moves out of view.
Something claws you.
* * * LOW HITPOINT WARNING * * *
You miss something.
The goblin shouts!
You hear an angry hiss.
The hobgoblin hits you.
You die...

..r######.#
..'....g.#
#.....#########
#...g>........######
#g..................
##g...########.###.b
#g###...# #..#
#g###.#.# ##.##
#.@{..# # #..#
####### #######.###
#..(.......
##.#####.## #....
#.#.. #.#<. #.#..
#.#..


You could see 2 hobgoblins and 2 goblins.

Vanquished Creatures
  Sigmund (D:2)
  A hound (D:2)
  Natasha (D:2)
  Robin (D:2)
  3 adders (D:2)
  2 worms (D:2)
  2 leopard geckos
  6 bats
  3 giant cockroaches (D:1)
  6 hobgoblins
  3 jackals (D:2)
  3 kobolds
  2 frilled lizards
  8 goblins
  11 rats
53 creatures vanquished.

Vanquished Creatures (collateral kills)
  A worm (D:2)
  A quokka (D:2)
  A kobold (D:2)
3 creatures vanquished.

Grand Total: 56 creatures vanquished

Notes
Turn   | Place    | Note
-------+----------+-------------------------------------------
     0 | D:1      | kae the Octopode Transmuter began the quest for the Orb.
     0 | D:1      | Reached XP level 1. HP: 13/13 MP: 3/3
   303 | D:1      | Reached XP level 2. HP: 16/18 MP: 5/5
   770 | D:1      | Reached XP level 3. HP: 23/23 MP: 4/6
   988 | D:2      | Noticed Natasha
   996 | D:2      | Killed Natasha
  1241 | D:2      | Reached XP level 4. HP: 15/28 MP: 5/7
  1650 | D:2      | Noticed Sigmund
  1657 | D:2      | Learned a level 3 spell: Spider Form
  1675 | D:2      | Killed Sigmund
  1675 | D:2      | Reached skill level 4 in Unarmed Combat
  1675 | D:2      | Reached XP level 5. HP: 29/34 MP: 5/9
  1675 | D:2      | Reached XP level 6. HP: 34/39 MP: 5/10
  1758 | D:2      | Learned a level 2 spell: Sticks to Snakes
  1964 | D:2      | Noticed Robin
  1974 | D:2      | Noticed Natasha
  1977 | D:2      | Killed Robin
  1983 | D:2      | HP: 2/41 [something (1)]
  1984 | D:2      | Slain by a hobgoblin

Skill      XL: |  1  2  3  4  5  6 |
---------------+-------------------+-----
Fighting       | 2 |  2.4
Unarmed Combat | 4 |  4.6
Spellcasting   | 3 |  3.1
Transmutations | 3 |  3.2
Dodging        | 3 |  3.1

Action                   |  1- 3 |  4- 6 || total
-------------------------+-------+-------++-------
Melee: Unarmed           |    61 |    74 ||   135
       Constrict         |    14 |    12 ||    26
       Tentacles         |    12 |     9 ||    21
       Kick              |     8 |     6 ||    14
       Punch             |     2 |       ||     2
 Cast: Beastly Appendage |    14 |     6 ||    20
       Spider Form       |       |     3 ||     3
       Sticks to Snakes  |       |     1 ||     1
  Use: Potion            |       |     2 ||     2
 Stab: Sleeping          |     8 |     3 ||    11
  Eat: Chunk             |     1 |     3 ||     4
Armor: Skin              |     5 |     6 ||    11
Dodge: Dodged            |    34 |    54 ||    88
